 Dungeon Crawl Stone Soup version 0.31.0-11-ge490571c62 (webtiles) character file.

Game seed: 7381658458876566661

647251 Arcadio the Intangible (level 27, -29/216 HPs)
             Began as a Djinni Fire Elementalist on Jan 27, 2024.
             Was the Champion of Makhleb.
             Killed from afar by a black draconian knight (42 damage)
             ... with a bolt of lightning
             ... led by a purple draconian shifter
             ... on level 1 of the Realm of Zot.
             The game lasted 04:04:26 (61096 turns).

Arcadio the Intangible (Djinni Fire Elementalist)  Turns: 61096, Time: 04:04:27

Health: -29/216    AC: 17    Str: 12    XL:     27
Gold:   3729       EV: 31    Int: 32    God:    Makhleb [******] SH: 11 Dex: 19

rFire   + + +        j - staff of Tos Cat {rF+ Str+3 Fire}
rCold   + + .        F - +3 buckler
rNeg    + + .        h - +4 skin of Zhor {*Englaciate rC+++ SInv}
rPois   ∞            H - +2 helmet "Xouh" {Will++}
rElec   .            o - +1 cloak of Greed {rN+ Int+3 Dex+3}
rCorr   .            M - +2 pair of gloves {hurl}
SInv    +            (boots unavailable)
Will    ++++.        f - amulet of regeneration
Stlth   ++           a - ring "Ykop" {Fly rC+ rN+ Int+2}
HPRegen 1.36/turn    A - ring of fire
MPRegen 0.00/turn

%: infuse magic (-30 HP)
@: on death's door cooldown, flying, studying 7 skills
A: sickness immunity, fire resistance 2, cold vulnerability 1, float, innate
caster, HP casting, extra vitality 1
}: 6/15 runes: serpentine, barnacled, slimy, silver, abyssal, demonic
a: Renounce Religion, Minor Destruction, Lesser Servant of Makhleb, Major
Destruction, Greater Servant of Makhleb


You were on level 1 of the Realm of Zot.
You worshipped Makhleb.
Makhleb was exalted by your worship.
You visited 12 branches of the dungeon, and saw 50 of its levels.
You visited Pandemonium 1 time, and saw 1 of its levels.
You visited the Abyss 3 times.
You also visited: Sewer, Bailey, Gauntlet, Ice Cave and Wizlab.

You collected 7402 gold pieces.
You spent 3673 gold pieces at shops.

Inventory:

Armour
 h - the +4 skin of Zhor (worn) {*Englaciate rC+++ SInv}
   (You found it on level 4 of the Lair of Beasts)

   *Englaciate: It radiates cold, occasionally slowing all nearby creatures who
   are not resistant to cold.
   rC+++:     It renders you almost immune to cold.
   SInv:      It lets you see invisible.
 o - the +1 cloak of Greed (worn) {rN+ Int+3 Dex+3}
   (You found it on level 13 of the Dungeon)

   Int+3:     It affects your intelligence (+3).
   Dex+3:     It affects your dexterity (+3).
   rN+:       It protects you from negative energy.
 r - a +1 kite shield of reflection
 s - the +0 robe "Moatoyh" {rElec Int+3}
   (You bought it in a shop on level 2 of the Orcish Mines)

   Int+3:     It affects your intelligence (+3).
   rElec:     It insulates you from electricity.
 y - a +3 troll leather armour {Pargi}
 F - a +3 buckler (worn)
 H - the +2 helmet "Xouh" (worn) {Will++}
   (You acquired it on level 6 of the Dungeon)

   Will++:    It greatly increases your willpower.
 M - a +2 pair of gloves of hurling (worn)
Magical Staves
 j - the staff of Tos Cat (weapon) {rF+ Str+3 Fire}
   (You acquired it on level 7 of the Dungeon)

   [staff of fire]

   Base accuracy: +5 Base damage: 5 Base attack delay: 1.2 This weapon's minimum
   attack delay (0.6) is reached at skill level 12.
   Str+3:     It affects your strength (+3).
   rF+:       It protects you from fire.
   Fire:      It increases the power of your Fire spells.
   It falls into the 'Staves' category.
   It is a one-handed weapon.
Jewellery
 a - the ring "Ykop" (left hand) {Fly rC+ rN+ Int+2}
   (You acquired it on level 11 of the Dungeon)

   [ring of positive energy]

   Int+2:     It affects your intelligence (+2).
   rC+:       It protects you from cold.
   rN+:       It protects you from negative energy.
   Fly:       It grants you flight.
 d - an amulet of reflection
 f - an amulet of regeneration (around neck)
 k - the ring "Xoiw" {rF+ rC- rCorr Int+2 SInv}
   (You found it in a Gauntlet)

   [ring of resist corrosion]

   Int+2:     It affects your intelligence (+2).
   rF+:       It protects you from fire.
   rC-:       It makes you vulnerable to cold.
   SInv:      It lets you see invisible.
   rCorr:     It protects you from acid and corrosion.
 x - a ring of protection from cold
 A - a ring of fire (right hand)
Wands
 i - a wand of roots (44)
 D - a wand of charming (87)
 K - a wand of polymorph (22)
 L - a wand of flame (80)
 P - a wand of digging (4)
 R - a wand of quicksilver (46)
 X - a wand of mindburst (40)
Scrolls
 g - 28 scrolls of teleportation
 p - a scroll of vulnerability
 q - 3 scrolls of fear
 u - 4 scrolls of silence
 v - 7 scrolls of immolation
 w - 2 scrolls of butterflies
 I - 9 scrolls of fog
 J - 4 scrolls of poison
 N - 7 scrolls of enchant weapon
 O - 4 scrolls of revelation
 W - 4 scrolls of brand weapon
Potions
 b - 13 potions of mutation
 e - 19 potions of curing
 l - 3 potions of berserk rage
 m - 10 potions of haste
 n - 2 potions of invisibility
 t - 9 potions of might
 z - 3 potions of resistance
 B - 6 potions of brilliance
 E - a potion of cancellation
 G - 8 potions of lignification
 U - 2 potions of heal wounds
 Z - 8 potions of enlightenment
Miscellaneous
 c - a lightning rod (4/4)
 Q - a phial of floods
 V - a sack of spiders


   Skills:
 O Level 27 Fighting
 + Level 13.7 Armour
 O Level 27 Dodging
 - Level 1.5 Stealth
 - Level 15.0 Shields
 + Level 21.1 Spellcasting
 + Level 22.3 Conjurations
 + Level 21.1 Hexes
 + Level 21.1 Summonings
 + Level 26.0 Necromancy
 + Level 21.1 Translocations
 + Level 21.1 Fire Magic
 + Level 26.0 Ice Magic
 + Level 21.1 Air Magic
 + Level 21.1 Earth Magic
 + Level 21.1 Alchemy


You knew the following spells:

 Your Spells              Type           Power      Damage    Failure   Level
a - Vampiric Draining     Necr           100%       2d13      0%          3
b - Bombard               Conj/Erth      53%        9d9       1%          6
c - Plasma Beam           Fire/Air       77%        2x1d95    1%          6
d - Monstrous Menagerie   Summ           53%        N/A       1%          7
e - Enfeeble              Hex            53%        N/A       1%          7
f - Sandblast             Erth           100%       2d20      0%          1
g - Mercury Vapours       Alch/Air       100%       N/A       0%          2
h - Sigil of Binding      Hex            100%       N/A       0%          3
i - Foxfire               Conj/Fire      100%       2x1d9     0%          1
j - Inner Flame           Hex/Fire       100%       N/A       0%          3
k - Borgnjor's Vile Clut  Necr/Erth      55%        N/A       0%          5
l - Volatile Blastmotes   Fire/Tloc      100%       2d18      0%          3
m - Scorch                Fire           100%       2d9       0%          2
n - Anguish               Hex/Necr       55%        N/A       0%          4
o - Borgnjor's Revivific  Necr           58%        N/A       1%          8
p - Flame Wave            Conj/Fire      100%       2d21      0%          4
q - Shatter               Erth           53%        3d40*     19%         9
r - Death's Door          Necr           58%        N/A       2%          9
Your spell library was empty.

Dungeon Overview and Level Annotations

Branches:
Dungeon (15/15)            Temple (1/1) D:5            Lair (5/5) D:11
 Shoals (4/4) Lair:2        Snake (4/4) Lair:2        Slime (5/5) Lair:5
    Orc (2/2) D:9             Elf (3/3) Orc:2        Vaults (5/5) D:13
  Crypt (1/3) Vaults:2     Depths (4/4) D:15            Zot (1/5) Depths:4
  Sewer (visited)          Bailey (visited)           IceCv (visited)
 WizLab (visited)         Gauntlet (visited)

Altars:
Ashenzari
Cheibriados
Dithmenos
Elyvilon
Fedhas
Gozag
Hepliaklqana
Makhleb
Nemelex Xobeh
Okawaru
Qazlal
Ru
Trog
Uskayaw
Wu Jian
Xom
Yredelemnul
Zin
The Shining One
Jiyva

Shops:
D:3 *[   D:15 *   Orc:2 [[[*   Elf:3 :   Shoals:2 (   Shoals:3 :*   Snake:1 [?
Snake:2 [   Vaults:3 [   Vaults:5 *?   Depths:3 ?

Portals:
Hell: Depths:1 Depths:2 Depths:3 Depths:4
Abyss: Snake:1 Depths:3
Pandemonium: Depths:2 Depths:4
Ziggurat: Depths:4

Annotations:
D:6 2 transporters
D:11 exclusion: orange crystal statue
Snake:1 2 transporters, Tuffe's ghost, adept FoFi
Orc:2 3 runed translucent doors, Ashen's ghost, journeyman GnEE
Depths:1 2 transporters, sanka's ghost, journeyman MiFi


Innate Abilities, Weirdness & Mutations

You are immune to sickness and miasma.
You are immune to poison.
Your flesh is very heat resistant. (rF++)
You are vulnerable to cold. (rC-)
You float through the air rather than walking.
You learn spells naturally, not from books.
Your magical power is your life essence.
You have superior vitality. (+4 MHP)


Message History

Confirm with . or Enter, or press ? or * to list all spells.
Casting: Plasma Beam (safe; 1% risk of failure)
Press: ? - help, Dir - look around, f - activate You feel a strong surge of power!
The bolt of lightning hits the white draconian!!
The white draconian is moderately wounded.
The fiery plasma misses the white draconian.
The black draconian knight hits you with a +0 great sword!!
Unknown command.
Okay, then.
Casting: Plasma Beam (safe; 1% risk of failure)
Confirm with . or Enter, or press ? or * to list all spells.
You stand defiantly in death's doorway!
You seem to hear sand running through an hourglass...
* * * LOW HITPOINT WARNING * * *
A yellow draconian annihilator comes into view.
It is wielding a +0 whip.
The black draconian knight hits you with a +0 great sword!!
The black draconian knight attacks as it pursues you!
The black draconian knight hits you with a +0 great sword!
You see here a scroll of teleportation.
The black draconian knight gestures at you while chanting.
The bolt of cold misses you.
The black draconian knight attacks as it pursues you!
The black draconian knight hits you with a +0 great sword!!
There is a stone staircase leading down here.
The black draconian knight breathes lightning at you.
The bolt of lightning misses you.
Your time is quickly running out!
Your extra speed is starting to run out.
The black draconian knight breathes lightning at you.
The bolt of lightning misses you. The bolt of lightning hits you!!
A tentacled monstrosity comes into view.
You radiate an aura of cold.
The black draconian knight seems to slow down.
The tentacled monstrosity is unaffected.
You feel yourself slow down.
Your life is in your own hands again!
The black draconian knight breathes lightning at you.
The bolt of lightning hits you!!!
You die...

#.....8...8#......
#...###...#.......
... ####.....### .#
##........# #
##.......... .#
##.....#...#...+
##.....⌠#...#..#
##.......#......#
#..........@###
#....#........##
#...##.......#.#####
#...##.............##
#...####......q.....#
#...# #.....##.....#
#...#
#.....##.....###
#...#
##.X..##.......# .
.^... #[...##..##...#
..


You could see a tentacled monstrosity and a black draconian knight (fast,
invisible, slow, catching breath).

Vanquished Creatures
  the Royal Jelly (Slime:5)
  2 ancient liches
  A juggernaut (Depths:3)
  A pandemonium lord (Pan)
  Saint Roka (Snake:4)
  Margery (Depths:4)
  2 golden dragons
  Nikola (Shoals:1)
  A pearl dragon (Abyss:2)
  5 bone dragons
  A profane servitor (Abyss:3)
  A shard shrike zombie (Abyss:2)
  Jorgrun (D:14)
  9 tentacled monstrosities
  An Ice Fiend (Pan)
  7 liches
  4 deep elf blademasters
  A searing wretch (Depths:4)
  3 deep elf master archers (Elf:3)
  2 quicksilver dragons
  6 sphinxes
  24 acid blobs
  5 titans (Vaults:5)
  3 Executioners
  2 krakens (Shoals:4)
  A death cob (Zot:1)
  5 tentacled starspawn
  3 storm dragons
  4 ancient champions
  Kirke (Lair:3)
  Donald (Vaults:2)
  9 shadow dragons
  9 tengu reavers
  A demonspawn warmonger (Pan)
  6 nagarajas
  7 rockslimes
  9 azure jellies
  2 protean progenitors (Zot:1)
  2 draconian knights
  11 deep elf sorcerers
  8 frost giants
  4 fire giants
  An iron dragon (Depths:3)
  2 draconian shifters (Zot:1)
  3 ghost moths
  A balrug (Pan)
  19 vault wardens
  4 spectral caustic shrikes (Depths:2)
  4 reapers (Depths:2)
  6 deep elf elementalists
  3 draconian annihilators
  3 cacodemons (Pan)
  An orc warlord (Vaults:4)
  A demonspawn corrupter (Pan)
  2 curse skulls (Vaults:2)
  3 demonspawn blood saints (Pan)
  14 ironbound preservers
  16 very ugly things
  7 stone giants
  5 vampire knights
  12 quicksilver oozes
  6 deep elf demonologists
  8 ironbound thunderhulks
  5 deep elf death magi
  4 yellow draconians (Zot:1)
  5 deep elf annihilators
  7 formless jellyfish
  6 red draconians
  2 white draconians
  2 demonspawn black suns (Pan)
  A war gargoyle (Vaults:4)
  11 dire elephants
  3 purple draconians
  7 lorocyprocas
  3 black draconians
  Azrael (D:13)
  A blizzard demon (Pan)
  4 spark wasps (Depths:3)
  A crystal guardian (Vaults:4)
  A green death (Pan)
  8 merfolk impalers
  4 merfolk javelineers
  14 ettins
  11 yaktaur captains
  5 entropy weavers
  3 fire dragons
  Josephine (D:10)
  4 deep elf high priests
  12 great orbs of eyes
  5 salamander tyrants
  5 rakshasas
  36 vault guards
  A caustic shrike simulacrum (IceCv)
  A peacekeeper (Vaults:4)
  6 hydras
  Erolcha (D:10)
  An Orb Guardian zombie (Crypt:1)
  3 spriggan air magi
  2 catoblepae
  5 ice dragons
  4 ogre magi
  An alligator snapping turtle (Shoals:4)
  16 centaur warriors
  2 boulder beetles (D:12)
  7 ironbound frosthearts
  10 anacondas
  A spriggan skeleton (Abyss:3)
  25 dancing weapons
  3 merfolk avatars
  3 two-headed ogres
  Erica (D:9)
  8 deep troll shamans
  4 death yaks
  A death knight (D:15)
  A demonic crawler (Pan)
  15 naga warriors
  8 deep troll earth magi
  A sphinx skeleton (Vaults:5)
  4 satyrs
  7 orc high priests
  2 vampire magi
  A hell hog (Abyss:3)
  2 merfolk aquamancers
  An occultist (Abyss:3)
  6 thrashing horrors
  A shock serpent (shapeshifter) (D:15)
  4 hell knights
  12 soul eaters (Pan)
  10 naga sharpshooters
  4 spriggan berserkers
  3 sun demons (Pan)
  22 deep elf knights
  8 iron trolls
  12 wretched stars
  8 skysharks
  9 shock serpents
  A skyshark (shapeshifter) (Depths:3)
  17 skeletal warriors
  2 goliath frogs (Lair:5)
  A cyclops (shapeshifter) (Vaults:5)
  A fire crab (shapeshifter) (Vaults:5)
  7 sixfirhies
  9 salamander mystics
  8 mana vipers
  21 large abominations
  10 sea snakes
  A swamp dragon (Abyss:3)
  A flayed ghost (Depths:3)
  8 shadow demons
  55 deep trolls
  5 glowing orange brains
  A quicksilver dragon simulacrum (Abyss:3)
  A deep troll (shapeshifter) (Depths:3)
  An orb spider (WizLab)
  A glowing orange brain (shapeshifter) (WizLab)
  7 arcanists
  7 naga ritualists
  19 deep elf archers
  A spriggan simulacrum (IceCv)
  15 lindwurms
  An obsidian statue (IceCv)
  6 bog bodies (IceCv)
  A sun moth (shapeshifter) (Vaults:3)
  17 orc knights
  27 deep elf pyromancers
  13 ironbound convokers
  4 phantasmal warriors
  29 deep elf zephyrmancers
  An orc sorcerer (Orc:1)
  18 harpies
  2 oklob plants (D:11)
  4 necromancers
  A frost giant zombie (Vaults:5)
  18 salamanders
  2 wolf spiders
  A faun (shapeshifter) (Vaults:3)
  5 worldbinders
  30 ugly things
  16 manticores
  4 shining eyes
  4 moths of wrath (Zot:1)
  10 fauns
  6 cyclopes
  14 vault sentinels
  128 slime creatures
  2 kobold blastminers (Orc:1)
  5 guardian serpents
  12 merfolk sirens
  3 human skeletons
  14 naga magi
  7 water nymphs
  An eye of devastation (shapeshifter) (Vaults:3)
  10 elephants
  2 apocalypse crabs (Abyss:3)
  17 smoke demons
  A cane toad (shapeshifter) (D:13)
  39 black mambas
  An unseen horror (D:12)
  4 centaur skeletons (D:13)
  4 orange demons
  2 torpor snails (Lair:4)
  An eye of devastation (Slime:3)
  A hellion (Depths:2)
  25 cane toads
  3 gargoyles
  6 komodo dragons
  28 yaktaurs
  11 rime drakes
  A kobold demonologist (D:12)
  3 efreet
  8 tormentors
  19 freezing wraiths
  4 ice devils
  2 anaconda simulacra (IceCv)
  Psyche (D:10)
  2 tengu conjurers (Depths:3)
  A polar bear (Lair:1)
  9 ancient zymes
  A golden dragon simulacrum (Vaults:5)
  A queen bee (shapeshifter) (D:15)
  20 merfolk
  5 trolls
  8 wind drakes
  2 hornets
  20 dream sheep
  A stone giant simulacrum (Vaults:5)
  5 glass eyes
  39 blink frogs
  2 tyrant leeches (Lair:5)
  2 alligator simulacra (IceCv)
  10 raiju
  3 hellwings
  2 jumping spiders (Gauntlet)
  6 snapping turtles
  A jumping spider (shapeshifter) (Vaults:5)
  5 shadows
  2 air elementals (Elf:2)
  Sigmund (D:3)
  3 centaur simulacra (Gauntlet)
  9 wraiths
  A culicivora (shapeshifter) (Vaults:3)
  A vampire (Bailey)
  5 hogs
  3 ynoxinuls
  4 dire elephant simulacra (IceCv)
  A fire bat (shapeshifter) (Elf:3)
  4 wyverns
  20 water elementals
  10 small abominations
  17 yaks
  5 basilisks
  A steam dragon (Lair:2)
  7 fire elementals
  5 neqoxecs
  25 starcursed masses
  7 wargs
  9 vampire mosquitoes
  8 chaos spawn
  9 golden eyes (Slime:1)
  8 redbacks
  A human simulacrum (Vaults:5)
  3 acid dragons
  8 harpy simulacra
  2 hydra simulacra (IceCv)
  49 nagas
  14 water moccasins
  2 hell hounds (D:12)
  Pargi (Sewer)
  3 sky beasts
  An ice beast (shapeshifter) (Abyss:3)
  4 black bears
  An ettin simulacrum (IceCv)
  49 orc warriors
  4 ice beasts
  A blink frog zombie (Crypt:1)
  8 ogres
  15 laughing skulls
  12 wolves
  11 centaurs
  2 phantoms
  4 kobold brigands (D:8)
  2 weeping skulls (Abyss:2)
  A brain worm (Sewer)
  16 bullfrogs
  2 earth elementals
  A gnoll sergeant (D:9)
  2 deep troll simulacra (IceCv)
  A scorpion (D:6)
  5 wights
  A hornet simulacrum (Gauntlet)
  6 killer bees
  2 lindwurm simulacra (IceCv)
  8 vampire bats (Bailey)
  4 howler monkeys
  An electric eel (Lair:5)
  5 wolf zombies (Bailey)
  A centaur zombie (D:7)
  7 hounds
  3 quasits
  2 bombardier beetles
  2 gnoll boudas
  38 orc priests
  Crazy Yiuf (D:4)
  4 jellies
  Jessica (D:2)
  3 iguanas
  A sleepcap (D:6)
  27 orc wizards
  3 killer bee zombies (D:7)
  A naga skeleton (Crypt:1)
  A mummy (D:6)
  9 adders
  17 gnolls
  4 river rats (D:5)
  A shadow imp (D:8)
  4 white imps
  14 ufetubi
  3 ribbon worms
  2 dart slugs
  82 orcs
  10 endoplasms
  A giant cockroach (D:2)
  8 goblins
  13 hobgoblins
  26 kobolds
  4 quokkas
  13 ball pythons
  3 bats
  9 frilled lizards
  2 goblin zombies (D:8)
  4 hobgoblin zombies (D:8)
  A kobold skeleton (D:8)
  3 orc skeletons (D:8)
  19 orc zombies
  10 rats
  2 aspiring fleshes (Zot:1)
  3 lurking horrors (Abyss:3)
  2 starspawn tentacles (Abyss:2)
2434 creatures vanquished.

Vanquished Creatures (collateral kills)
  A rockslime (Slime:2)
  A dancing weapon (Elf:1)
  A deep elf knight (Elf:2)
  A deep elf pyromancer (Elf:3)
  A dream sheep (Lair:3)
  2 earth elementals
7 creatures vanquished.

Vanquished Creatures (others)
  A tentacled monstrosity (Zot:1)
  A merfolk aquamancer (Shoals:4)
  A death yak (Lair:3)
  A rime drake (Lair:4)
  A water elemental (Elf:2)
  A small abomination (Abyss:3)
  2 orc priests (Orc:2)
  An ufetubus (Abyss:1)
  52 foxfires
  15 starspawn tentacles
  4 tentacles (Shoals:4)
80 creatures vanquished.

Grand Total: 2521 creatures vanquished

Notes
Turn   | Place    | Note
-------+----------+-------------------------------------------
     0 | D:1      | Arcadio the Djinni Fire Elementalist began the quest for
                  | the Orb.
     0 | D:1      | Arcadio set off with the following spells memorised:
                  | Foxfire, Scorch, Volatile Blastmotes, Inner Flame, Flame
                  | Wave.
     0 | D:1      | Reached XP level 1. HP: 15/15 MP: 0/0
   160 | D:1      | Reached XP level 2. HP: 19/22 MP: 0/0
   482 | D:1      | Reached skill level 1 in Fighting
   733 | D:1      | Reached XP level 3. HP: 25/27 MP: 0/0
   733 | D:1      | Learned a level 1 spell: Sandblast
  1306 | D:2      | Noticed Jessica
  1314 | D:2      | Killed Jessica
  1315 | D:2      | Reached XP level 4. HP: 21/33 MP: 0/0
  1502 | D:2      | Identified the +0 dagger of Sequestration {elec, rPois rC+
                  | Int+2 Dex-3}
  2080 | D:2      | Found a faded altar of an unknown god.
  2231 | D:3      | Reached XP level 5. HP: 36/38 MP: 0/0
  2231 | D:3      | Learned a level 2 spell: Mercury Vapours
  2448 | D:3      | Noticed Sigmund
  2461 | D:3      | Killed Sigmund
  2462 | D:3      | Reached XP level 6. HP: 31/46 MP: 0/0
  2725 | D:3      | HP: 2/46 [orc priest/+0 flail (3)]
  2877 | D:3      | Found a basalt altar of Yredelemnul.
  2892 | D:3      | Found Ogucass's Armour Shop.
  2937 | D:3      | Found Etustick's General Store.
  3037 | D:3      | Found a sparkling altar of Nemelex Xobeh.
  3413 | D:4      | Reached XP level 7. HP: 41/50 MP: 0/0
  3413 | D:4      | Learned a level 3 spell: Sigil of Binding
  3764 | D:4      | Found a runed translucent door.
  3765 | D:4      | Noticed Crazy Yiuf
  3770 | D:4      | Killed Crazy Yiuf
  3780 | D:4      | Identified the +7 hammer of Wrongful Imprisonment {drain,
                  | rPois rF+}
  3814 | D:5      | Entered Level 5 of the Dungeon
  3848 | D:5      | Found a staircase to the Ecumenical Temple.
  3857 | Temple   | Entered the Ecumenical Temple
  3866 | Temple   | Became a worshipper of Makhleb the Destroyer
  3883 | D:5      | Reached skill level 5 in Dodging
  3955 | D:5      | Reached skill level 5 in Fighting
  3992 | D:5      | Found a glowing drain.
  4000 | Sewer    | Entered a sewer
  4096 | Sewer    | Noticed Pargi
  4101 | Sewer    | Killed Pargi
  4102 | Sewer    | Reached XP level 8. HP: 48/60 MP: 0/0
  4367 | D:5      | Reached skill level 5 in Spellcasting
  4367 | D:5      | Reached skill level 5 in Conjurations
  4367 | D:5      | Reached skill level 5 in Hexes
  4367 | D:5      | Reached skill level 5 in Summonings
  4367 | D:5      | Reached skill level 5 in Necromancy
  4367 | D:5      | Reached skill level 5 in Translocations
  4367 | D:5      | Reached skill level 5 in Fire Magic
  4367 | D:5      | Reached skill level 5 in Ice Magic
  4367 | D:5      | Reached skill level 5 in Air Magic
  4367 | D:5      | Reached skill level 5 in Earth Magic
  4367 | D:5      | Reached skill level 5 in Alchemy
  4513 | D:5      | Reached * piety under Makhleb
  4726 | D:6      | Noticed a yak
  4730 | D:6      | Noticed a wraith
  4730 | D:6      | Noticed a two-headed ogre
  4733 | D:6      | Noticed a two-headed ogre
  4741 | D:6      | Found a transporter.
  4741 | D:6      | Found an opulent altar of Gozag.
  4745 | D:6      | Found a transporter.
  4828 | D:6      | Found a shadowy altar of Dithmenos.
  4864 | D:6      | Identified 2 scrolls of acquirement
  4878 | D:6      | Acquired the +2 helmet "Xouh" {Will++}
  5048 | D:6      | Reached XP level 9. HP: 63/68 MP: 0/0
  5048 | D:6      | Learned a level 3 spell: Vampiric Draining
  5183 | D:6      | Found a glowing silver altar of Zin.
  5279 | D:6      | Reached ** piety under Makhleb
  5539 | D:6      | Found a blossoming altar of Fedhas.
  5540 | D:6      | Found a snail-covered altar of Cheibriados.
  6029 | D:7      | Found a bloodstained altar of Trog.
  6144 | D:7      | Reached *** piety under Makhleb
  6145 | D:7      | Reached XP level 10. HP: 80/80 MP: 0/0
  6212 | D:7      | Found an iron altar of Okawaru.
  6222 | D:7      | Reached skill level 10 in Fighting
  6375 | D:7      | Acquired the staff of Tos Cat {rF+ Str+3 Fire}
  6866 | D:8      | Found a glowing golden altar of the Shining One.
  6882 | D:8      | Reached **** piety under Makhleb
  7350 | D:9      | Reached skill level 10 in Dodging
  7377 | D:9      | Found a flagged portal.
  7465 | D:9      | Found a sacrificial altar of Ru.
  7513 | Bailey   | Entered a bailey
  7598 | Bailey   | Noticed a gargoyle
  7610 | Bailey   | Killed a gargoyle
  7611 | Bailey   | Reached XP level 11. HP: 87/89 MP: 0/0
  7611 | Bailey   | Learned a level 4 spell: Anguish
  7632 | Bailey   | Reached ***** piety under Makhleb
  7869 | D:9      | Found an ornate altar of the Wu Jian Council.
  7944 | D:9      | Noticed Erica
  7953 | D:9      | Killed Erica
  8217 | D:9      | Found a staircase to the Orcish Mines.
  8452 | D:10     | Entered Level 10 of the Dungeon
  8863 | D:10     | Noticed Josephine
  8870 | D:10     | Killed Josephine
  8909 | D:10     | Noticed Psyche
  8926 | D:10     | Killed Psyche
  8947 | D:10     | Noticed Erolcha
  8955 | D:10     | Killed Erolcha
  9476 | D:11     | Noticed an oklob plant
  9476 | D:11     | Noticed an oklob plant
  9556 | D:11     | Noticed a deep elf pyromancer
  9564 | D:11     | Killed a deep elf pyromancer
  9565 | D:11     | Reached XP level 12. HP: 94/99 MP: 0/0
  9847 | D:11     | Found a staircase to the Lair.
 10150 | D:12     | Noticed a sixfirhy
 10325 | D:11     | Acquired the ring "Ykop" {Fly rC+ rN+ Int+2}
 10344 | Lair:1   | Entered Level 1 of the Lair of Beasts
 11720 | Lair:2   | Noticed a five-headed hydra
 11730 | Lair:2   | Killed a five-headed hydra
 11991 | Lair:2   | Reached XP level 13. HP: 85/106 MP: 0/0
 11991 | Lair:2   | Learned a level 5 spell: Borgnjor's Vile Clutch
 11992 | Lair:2   | Reached skill level 10 in Spellcasting
 11992 | Lair:2   | Reached skill level 10 in Conjurations
 11992 | Lair:2   | Reached skill level 10 in Hexes
 11992 | Lair:2   | Reached skill level 10 in Summonings
 11992 | Lair:2   | Reached skill level 10 in Necromancy
 11992 | Lair:2   | Reached skill level 10 in Translocations
 11992 | Lair:2   | Reached skill level 10 in Fire Magic
 11992 | Lair:2   | Reached skill level 10 in Ice Magic
 11992 | Lair:2   | Reached skill level 10 in Air Magic
 11992 | Lair:2   | Reached skill level 10 in Earth Magic
 11992 | Lair:2   | Reached skill level 10 in Alchemy
 12137 | Lair:2   | Reached skill level 15 in Fighting
 12526 | Lair:2   | Found a staircase to the Snake Pit.
 12610 | Lair:2   | Found a staircase to the Shoals.
 12914 | Lair:3   | Reached ****** piety under Makhleb
 12920 | Lair:3   | Noticed Kirke
 12930 | Lair:3   | Killed Kirke
 14206 | Lair:4   | Noticed a catoblepas
 14378 | Lair:4   | Noticed a seven-headed hydra
 14386 | Lair:4   | Killed a seven-headed hydra
 14387 | Lair:4   | Reached XP level 14. HP: 100/115 MP: 0/0
 15040 | Lair:4   | Reached skill level 15 in Dodging
 15413 | Lair:4   | Found the +4 skin of Zhor {*Englaciate rC+++ SInv}
 15828 | Lair:5   | Entered Level 5 of the Lair of Beasts
 15904 | Lair:5   | Found a gate leading to a gauntlet.
 15916 | Lair:5   | Reached skill level 1 in Armour
 15932 | Gauntlet | Entered a Gauntlet
 15932 | Gauntlet | Found a transporter.
 15932 | Gauntlet | Found a transporter.
 15936 | Gauntlet | Found a transporter.
 15939 | Gauntlet | Found a transporter.
 15939 | Gauntlet | Found a transporter.
 15939 | Gauntlet | Found a transporter.
 15952 | Gauntlet | Found a runed translucent door.
 15961 | Gauntlet | Found a runed translucent door.
 15963 | Gauntlet | Found a runed translucent door.
 15965 | Gauntlet | Found a transporter.
 15969 | Gauntlet | Found a transporter.
 15977 | Gauntlet | Found a transporter.
 15977 | Gauntlet | Noticed a quicksilver ooze
 15993 | Gauntlet | Found a transporter.
 16013 | Gauntlet | Found a transporter.
 16014 | Gauntlet | Found a transporter.
 16415 | Gauntlet | Identified the ring "Xoiw" {rF+ rC- rCorr Int+2 SInv}
 16432 | Gauntlet | Noticed a minotaur
 16716 | Lair:5   | Reached XP level 15. HP: 121/123 MP: 0/0
 16716 | Lair:5   | Learned a level 6 spell: Plasma Beam
 16915 | Lair:5   | Found a staircase to the Slime Pits.
 16915 | Lair:5   | Found a viscous altar of Jiyva.
 17614 | Orc:1    | Entered Level 1 of the Orcish Mines
 17792 | Orc:1    | Reached skill level 5 in Armour
 18137 | Orc:2    | Entered Level 2 of the Orcish Mines
 18163 | Orc:2    | Noticed Ashen's ghost (journeyman GnEE)
 18171 | Orc:2    | Found a runed translucent gate.
 18172 | Orc:2    | Found a runed translucent gate.
 18173 | Orc:2    | Noticed an orc warlord
 18173 | Orc:2    | Found a runed translucent gate.
 18893 | Orc:2    | Found a staircase to the Elven Halls.
 19291 | Orc:2    | Found Oguibr Ameo's General Store.
 19291 | Orc:2    | Found Ricul's Armour Shop.
 19292 | Orc:2    | Found Iceil's Armour Shop.
 19292 | Orc:2    | Found Taebuu's Armour Boutique.
 19302 | Orc:2    | Bought a +0 pair of gloves for 54 gold pieces
 19308 | Orc:2    | Bought the +0 robe "Moatoyh" {rElec Int+3} for 294 gold
                  | pieces
 19972 | D:12     | Reached XP level 16. HP: 129/132 MP: 0/0
 19983 | D:12     | Noticed a storm dragon
 19988 | D:12     | Killed a storm dragon
 20068 | D:12     | Noticed a tengu reaver
 20070 | D:12     | Killed a tengu reaver
 20650 | D:13     | Noticed Azrael
 20659 | D:13     | Killed Azrael
 20784 | D:13     | Found a gate to the Vaults.
 20929 | D:13     | Identified the +11 flail of Spite {distort, rF+ rC+}
 21073 | D:13     | Identified the +1 cloak of Greed {rN+ Int+3 Dex+3}
 21563 | D:14     | Noticed Jorgrun
 21565 | D:14     | Killed Jorgrun
 22609 | D:15     | Entered Level 15 of the Dungeon
 22634 | D:15     | Identified the +10 broad axe of Shame {heavy, *Rage rElec
                  | rC+}
 23075 | D:15     | Found Ogha's General Store.
 23079 | D:15     | Bought a scroll of butterflies for 68 gold pieces
 23079 | D:15     | Bought 3 scrolls of teleportation for 153 gold pieces
 23348 | D:15     | Reached XP level 17. HP: 129/139 MP: 0/0
 23348 | D:15     | Learned a level 6 spell: Bombard
 23357 | D:15     | Found a staircase to the Depths.
 23952 | D:3      | Bought a scroll of blinking for 75 gold pieces
 23952 | D:3      | Bought a potion of heal wounds for 50 gold pieces
 24190 | Shoals:1 | Entered Level 1 of the Shoals
 24265 | Shoals:1 | Reached skill level 1 in Shields
 24270 | Shoals:1 | Noticed Nikola
 24273 | Shoals:1 | Killed Nikola
 24897 | Shoals:2 | Found Zobym's Antique Weapon Boutique.
 25601 | Shoals:3 | Found Nerusch's Book Emporium.
 25926 | Shoals:3 | Reached skill level 5 in Shields
 26048 | Shoals:3 | Found Nepac's Assorted Antiques.
 26402 | Shoals:4 | Entered Level 4 of the Shoals
 26402 | Shoals:4 | Noticed a kraken
 26412 | Shoals:4 | Killed a kraken
 26413 | Shoals:4 | Reached XP level 18. HP: 148/148 MP: 0/0
 26826 | Shoals:4 | Identified the +3 great sword of Sevven {freeze, ^Drain
                  | rC++}
 27002 | Shoals:4 | Got a barnacled rune of Zot
 27026 | Shoals:4 | Identified the staff "Uzueqy" {^Contam rN+ Str+3 Necro}
 27108 | Shoals:4 | Noticed a kraken
 27125 | Shoals:4 | Killed a kraken
 27147 | Shoals:4 | Identified the staff of Dodevaoq {rPois rN+ Alchemy}
 28011 | Snake:1  | Entered Level 1 of the Snake Pit
 28143 | Snake:1  | Found Jier's Magic Scroll Emporium.
 28143 | Snake:1  | Found Dimoll's Armour Shoppe.
 28165 | Snake:1  | Bought a scroll of identify for 26 gold pieces
 28165 | Snake:1  | Bought a scroll of teleportation for 39 gold pieces
 28165 | Snake:1  | Bought a scroll of identify for 26 gold pieces
 28165 | Snake:1  | Bought a scroll of brand weapon for 123 gold pieces
 28277 | Snake:1  | Found a transporter.
 28279 | Snake:1  | Noticed Tuffe's ghost (adept FoFi)
 28284 | Snake:1  | Found a transporter.
 28288 | Snake:1  | Noticed an Executioner
 28354 | Snake:1  | Found the +8 mithril axe "Arga" {speed, Will+}
 29141 | Snake:1  | Found a one-way gate to the infinite horrors of the Abyss.
 30185 | Snake:2  | Reached XP level 19. HP: 112/157 MP: 0/0
 30185 | Snake:2  | Learned a level 7 spell: Monstrous Menagerie
 30681 | Snake:2  | Found Zynlats's Armour Emporium.
 31200 | Snake:3  | Found a glacial archway.
 31209 | IceCv    | Entered an ice cave
 31516 | IceCv    | Noticed a lich
 31523 | IceCv    | Killed a lich
 32952 | Snake:4  | Entered Level 4 of the Snake Pit
 33009 | Snake:4  | Reached XP level 20. HP: 106/166 MP: 0/0
 33011 | Snake:4  | Noticed Saint Roka
 33310 | Snake:4  | Killed Saint Roka
 33311 | Snake:4  | Reached skill level 15 in Necromancy
 33311 | Snake:4  | Reached skill level 15 in Ice Magic
 33552 | Snake:4  | Identified the +1 robe "Geovuf" {Str+2 Int+2}
 34013 | Snake:4  | Got a serpentine rune of Zot
 34740 | Vaults:1 | Entered Level 1 of the Vaults
 36079 | Vaults:2 | Noticed Donald
 36080 | Vaults:2 | Killed Donald
 36259 | Vaults:2 | Reached skill level 15 in Spellcasting
 36259 | Vaults:2 | Reached skill level 15 in Conjurations
 36259 | Vaults:2 | Reached skill level 15 in Hexes
 36259 | Vaults:2 | Reached skill level 15 in Summonings
 36259 | Vaults:2 | Reached skill level 15 in Translocations
 36259 | Vaults:2 | Reached skill level 15 in Fire Magic
 36259 | Vaults:2 | Reached skill level 15 in Air Magic
 36259 | Vaults:2 | Reached skill level 15 in Earth Magic
 36259 | Vaults:2 | Reached skill level 15 in Alchemy
 36360 | Vaults:2 | Reached XP level 21. HP: 97/174 MP: 0/0
 36360 | Vaults:2 | Learned a level 8 spell: Borgnjor's Revivification
 36627 | Vaults:2 | Found a staircase to the Crypt.
 37034 | Vaults:2 | Identified the +6 rapier of Noon {spect, rF+ Str+3}
 39021 | Vaults:3 | Found Cohiakk's Antique Armour Shop.
 39392 | Vaults:4 | Reached XP level 22. HP: 182/182 MP: 0/0
 40440 | Vaults:5 | Entered Level 5 of the Vaults
 40757 | Slime:1  | Entered Level 1 of the Pits of Slime
 41912 | Slime:2  | Gained mutation: Potions are less effective at restoring
                  | your health. [a shining eye]
 42757 | Slime:3  | Lost mutation: Potions are less effective at restoring your
                  | health. [a shining eye]
 43786 | Slime:5  | Entered Level 5 of the Pits of Slime
 43834 | Slime:5  | Reached XP level 23. HP: 181/191 MP: 0/0
 43834 | Slime:5  | Learned a level 7 spell: Enfeeble
 43996 | Slime:5  | Found a viscous altar of Jiyva.
 44001 | Slime:5  | Noticed the Royal Jelly
 44008 | Slime:5  | Killed the Royal Jelly
 44724 | Slime:5  | Got a slimy rune of Zot
 44732 | Slime:5  | Identified the +4 plate armour of Arukkusm {Will+++ Regen+
                  | Str-2 Int+2}
 44775 | Slime:5  | Identified the +4 falchion "Itetus" {drain, rElec Int+2}
 44776 | Slime:5  | Identified the amulet of Polytheism {RegenMP Int+3}
 44811 | Slime:5  | Identified the +6 scale mail of Xom's Envy {rF++}
 45560 | Depths:1 | Entered Level 1 of the Depths
 45609 | Depths:1 | Found a gateway to Hell.
 45673 | Depths:1 | Found a magical portal.
 45682 | WizLab   | Entered The Roulette of Golubria
 45682 | WizLab   | Found a transporter.
 45689 | WizLab   | Found the +1 cloak of Starlight {*Dazzle EV+4 Stlth--}
 45689 | WizLab   | Found a corrupted altar of Lugonu.
 45705 | WizLab   | Found a transporter.
 45705 | WizLab   | Found a transporter.
 45758 | WizLab   | Found a corrupted altar of Lugonu.
 45760 | WizLab   | Found a transporter.
 45767 | WizLab   | Found a corrupted altar of Lugonu.
 45775 | WizLab   | Found a transporter.
 45818 | WizLab   | Found a corrupted altar of Lugonu.
 45822 | WizLab   | Found a transporter.
 45836 | WizLab   | Found a corrupted altar of Lugonu.
 45836 | WizLab   | Found a corrupted altar of Lugonu.
 45877 | WizLab   | Found a transporter.
 45896 | WizLab   | Found a transporter.
 46175 | Depths:1 | Found a transporter.
 46176 | Depths:1 | Noticed sanka's ghost (journeyman MiFi)
 46176 | Depths:1 | Noticed a juggernaut
 46176 | Depths:1 | Noticed a juggernaut
 46183 | Depths:1 | Found a bloodstained altar of Trog.
 46211 | Depths:1 | Found a transporter.
 46254 | Depths:1 | Found an ornate altar of the Wu Jian Council.
 46671 | Depths:2 | Found a stormy altar of Qazlal.
 46767 | Depths:2 | Found a one-way gate leading to the halls of Pandemonium.
 46811 | Depths:2 | Identified the +4 trident of Wedaek {venom, *Noise rF+ rN+
                  | Int+3}
 46918 | Depths:2 | Identified the +9 orcbow of Rotation {drain, rF+ rC+ Dex+3}
 47185 | Depths:2 | Reached XP level 24. HP: 200/200 MP: 0/0
 47602 | Depths:3 | Found an ornate altar of the Wu Jian Council.
 47612 | Depths:3 | Noticed a juggernaut
 47626 | Depths:3 | Killed a juggernaut
 47749 | Depths:3 | Found Izousu's Magic Scroll Emporium.
 47825 | Depths:3 | You are sucked into a shaft and drop 1 floor!
 47825 | Depths:4 | Entered Level 4 of the Depths
 47921 | Depths:4 | Noticed Margery
 47930 | Depths:4 | Killed Margery
 48378 | Depths:3 | Bought a scroll of revelation for 105 gold pieces
 48378 | Depths:3 | Bought a scroll of enchant armour for 105 gold pieces
 48378 | Depths:3 | Bought a scroll of revelation for 105 gold pieces
 48476 | Depths:4 | Found a gate to the Realm of Zot.
 48476 | Depths:4 | Noticed a golden dragon
 48505 | Depths:4 | Killed a golden dragon
 48645 | Depths:4 | Noticed an ancient lich
 48646 | Depths:4 | Found a one-way gateway to a ziggurat.
 48655 | Depths:4 | Killed an ancient lich
 48729 | Depths:4 | Identified the amulet "Viwoseuf" {RegenMP rN+ Int+4 Stlth+}
 48878 | Depths:4 | Got a midnight gem with 15 turns to spare
 48892 | Depths:4 | Lost the midnight gem through the power of Zot.
 49617 | Elf:1    | Entered Level 1 of the Elven Halls
 49829 | Elf:1    | Reached XP level 25. HP: 209/209 MP: 0/0
 49829 | Elf:1    | Learned a level 9 spell: Shatter
 50788 | Elf:2    | Paralysed by an air elemental for 1 turns
 51008 | Elf:2    | Found a runed translucent gate.
 51008 | Elf:2    | Found a runed translucent gate.
 51008 | Elf:2    | Found a runed translucent gate.
 51828 | Elf:3    | Entered Level 3 of the Elven Halls
 52156 | Elf:3    | Identified the +4 chain mail of Contentment {Fly}
 52156 | Elf:3    | Identified the ring "Bashrud" {Will+ Int+6}
 52159 | Elf:3    | Identified the +1 plate armour of Uskayaw's Respect {rF+
                  | rC+++}
 52473 | Elf:3    | Found the +2 hat of the Bear Spirit {Spirit, Bear, *Rage
                  | Will++}
 52693 | Elf:3    | Found Saurphe's Book Shoppe.
 52698 | Elf:3    | Bought a manual of Shields for 880 gold pieces
 53617 | Vaults:5 | Reached XP level 26. HP: 217/217 MP: 0/0
 53897 | Vaults:5 | Reached skill level 27 in Dodging
 53930 | Vaults:5 | Identified the +3 short sword "Norrilei" {flame, rN+}
 54004 | Vaults:5 | Reached skill level 10 in Shields
 54083 | Vaults:5 | Identified the +7 rapier of the Warrior {spect, Will++
                  | Int-2 Dex+5}
 54224 | Vaults:5 | Found Ilyep Bixt's General Store.
 54233 | Vaults:5 | Bought a scroll of teleportation for 33 gold pieces
 54233 | Vaults:5 | Bought a scroll of teleportation for 33 gold pieces
 54441 | Vaults:5 | Got a silver rune of Zot
 54451 | Vaults:5 | Noticed an ancient lich
 54757 | Vaults:5 | Found Xateic's Magic Scroll Shoppe.
 54779 | Vaults:5 | Bought a scroll of teleportation for 48 gold pieces
 54779 | Vaults:5 | Bought a scroll of teleportation for 48 gold pieces
 54779 | Vaults:5 | Bought a scroll of teleportation for 48 gold pieces
 54779 | Vaults:5 | Bought 3 scrolls of enchant weapon for 360 gold pieces
 54779 | Vaults:5 | Bought a scroll of acquirement for 832 gold pieces
 54779 | Vaults:5 | Bought a scroll of enchant weapon for 120 gold pieces
 54779 | Vaults:5 | Bought a scroll of teleportation for 48 gold pieces
 54781 | Vaults:5 | Acquired a manual of Short Blades
 54816 | Vaults:5 | Killed an ancient lich
 54817 | Vaults:5 | Reached skill level 10 in Armour
 54817 | Vaults:5 | Reached XP level 27. HP: 222/226 MP: 0/0
 54817 | Vaults:5 | Learned a level 9 spell: Death's Door
 55524 | Depths:3 | Voluntarily entered the Abyss.
 55570 | Abyss:1  | Found a corrupted altar of Lugonu.
 55675 | Abyss:1  | Found a corrupted altar of Lugonu.
 55689 | Abyss:1  | Found a corrupted altar of Lugonu.
 55689 | Abyss:1  | Found a corrupted altar of Lugonu.
 55923 | Abyss:2  | Found a corrupted altar of Lugonu.
 56333 | Depths:3 | Escaped the Abyss
 56888 | Crypt:1  | Entered Level 1 of the Crypt
 57431 | Depths:3 | Voluntarily entered the Abyss.
 57761 | Abyss:2  | Reached skill level 27 in Fighting
 58244 | Abyss:3  | Found a corrupted altar of Lugonu.
 58468 | Abyss:3  | Found a corrupted altar of Lugonu.
 58471 | Abyss:3  | Found a corrupted altar of Lugonu.
 58471 | Abyss:3  | Found a corrupted altar of Lugonu.
 58675 | Abyss:3  | Got an abyssal rune of Zot
 58693 | Depths:3 | Escaped the Abyss
 59035 | Pan      | Entered Pandemonium
 59263 | Pan      | Noticed Kugunotu the pandemonium lord
 59266 | Pan      | Killed Kugunotu the pandemonium lord
 59852 | Pan      | Got a demonic rune of Zot
 60245 | Pan      | Reached skill level 15 in Shields
 60648 | Pan      | Identified the +3 leather armour of Ocloek {-Tele rPois
                  | Will+}
 60719 | Pan      | Found an exit through the horrors of the Abyss.
 60724 | Pan      | Took an exit into the Abyss.
 60724 | Abyss:3  | Escaped into the Abyss
 60757 | Abyss:3  | Found a corrupted altar of Lugonu.
 60862 | Depths:4 | Escaped the Abyss
 60937 | Zot:1    | Entered Level 1 of the Realm of Zot
 61096 | Zot:1    | Killed from afar by a black draconian knight

Illustrated notes

Levels and vault maps discovered:
D:1:      minmay_arrival_nine_rooms, layout_basic, corexii_corridor_pit
D:2:      layout_rooms, basic_altar, hellmonk_ecumenical_altar_leap_of_faith,
          serial_curves, eino_curves_03, eino_curves_01, minmay_diced_spiral,
          uniq_jessica
D:3:      layout_basic, mainiacjoe_overflow_swirl, serial_shops, shop,
          nicolae_shop_trees, uniq_sigmund
D:4:      layout_rooms, nicolae_vehumet_altar_sigil, uniq_crazy_yiuf_cottage
D:5:      layout_cave_pools, lemuel_blue_sif_altar,
          minmay_temple_entry_stoned_glass, lightli_sewer_entry_pipes
D:6:      minmay_chambers_of_threes, layout_basic,
          nicolae_overflow_two_pavilions, gammafunk_temple_overflow_arena,
          mainiacjoe_overflow_paths, mainiacjoe_overflow_alcove_2, st_stairs_6
D:7:      layout_rooms, okawaru_metal_pillars_3, mainiacjoe_overflow_alcove_1,
          corexii_leaking_fountain, minmay_mini_ossuary
D:8:      layout_basic, nicolae_tso_besieged_by_evil
D:9:      layout_gridville, mainiacjoe_overflow_tiny_flanked,
          nicolae_ru_the_path_less_chosen, hiddenorc1_lemuel, enter_bailey_7,
          uniq_erica
D:10:     layout_basic, uniq_josephine, uniq_psyche, uniq_erolcha
D:11:     layout_basic, dpeg_oklobed_lair, minivault_16
D:12:     minmay_sliced_demisemicircle, layout_rooms
D:13:     layout_cave_pools, hangedman_vaults_entry_quadrant_bands,
          chequers_serial_rivers_small_b, uniq_azrael
D:14:     layout_basic, serial_bayou_ford_a, uniq_jorgrun
D:15:     gammafunk_enter_depths_forms, layout_gridville, serial_shops,
          nicolae_shop_back_alley_shop, nicolae_zig_zag_zippers
Temple:   nicolae_temple_two_arcs
Lair:1:   layout_layer_cave, beast_lair_carwin_4, infiniplex_staircase_pool_2,
          serial_bayou_shore_a
Lair:2:   layout_long_grid, minmay_shoals_entry_lonely_mermaid,
          nicolae_snake_entry_squirm, guppyfry_lair_drakes
Lair:3:   layout_gridlike, minivault_11, uniq_kirke
Lair:4:   layout_layer_cave, hellmonk_guarded_unrand_zhor
Lair:5:   minmay_lair_end_frog_pond, layout_regular_city, slime_entry_1,
          gauntlet_entry_generic, lemuel_fruit_fields
Shoals:1: layout_shoals, uniq_nikola
Shoals:2: layout_shoals, serial_shops, shop, nicolae_shoals_former_cling_halls
Shoals:3: layout_shoals, serial_shops, shop, nicolae_take_the_stairs
Shoals:4: shoals_end_grunt_ice, layout_shoals,
          nicolae_shoals_kraken_intersection
Snake:1:  layout_cave_pods, gammafunk_ghost_abyssal_escape, minmay_shoptagon,
          lemuel_fruit_tree
Snake:2:  layout_misc_corridors, minmay_shop_star
Snake:3:  nicolae_snake_nest, layout_layer_cave,
          portal_ice_cave_entry_pillars_three
Snake:4:  johnstein_snake_rune_scales, layout_misc_corridors,
          grunt_ministairs_12, drop_trap, st_stairs_7, uniq_saint_roka
Slime:1:  layout_caves, nicolae_slime_phagocytosis
Slime:2:  layout_caves
Slime:3:  layout_caves
Slime:4:  layout_caves
Slime:5:  slime_pit_nicolae_trefoil
Orc:1:    layout_diamond_mine
Orc:2:    st_orc_pillars, layout_diamond_mine, gammafunk_ghost_split
Elf:1:    minmay_elf_arrival_circle, layout_geoelf_grid,
          nicolae_elf_blasts_and_bolts
Elf:2:    elven_hall_of_blades_hangedman_original [nicolae_blade_little_rooms],
          layout_gridlike
Elf:3:    minmay_elf_hall_statues, layout_geoelf_grid, serial_shops, shop
Vaults:1: nicolae_vaults_specimen_jars, vaults_dpeg_ring,
          nicolae_vaults_storage_room_doors, v_misc_8,
          nicolae_vaults_trapezoid_4, layout_vaults_omnigrid
Vaults:2: nicolae_vaults_museum, v_pattern_4, nicolae_vaults_frosty_reception,
          hangedman_vaults_stream, minmay_crypt_entry_simple_box,
          nicolae_vaults_network_quinsquares
          [nicolae_vaults_network_quincunx_subvault,
          nicolae_vaults_network_quincunx_subvault,
          nicolae_vaults_network_quincunx_subvault,
          nicolae_vaults_network_quincunx_subvault], ontoclasm_vaults_fault,
          hangedman_vaults_locks, ontoclasm_vaults_spin,
          nicolae_vaults_variable_pillar_hall, layout_vaults_big_cross,
          uniq_donald
Vaults:3: ontoclasm_vaults_pinch, nicolae_vaults_storage_room_statues, v_misc_2,
          nicolae_vaults_little_squares_4, nicolae_vaults_ninety_degrees,
          nicolae_vaults_loss_of_containment, hangedman_vaults_restitches,
          v_misc_26, v_misc_11, v_misc_9, vaults_dpeg_diagonal,
          nicolae_vaults_trapezoid_lopsided_1, nicolae_vaults_shelves_hall,
          grunt_vaults_hallway_short, layout_vaults_ring, serial_shops,
          nicolae_shop_hallway_plus
Vaults:4: nicolae_vaults_little_squares_1, nicolae_vaults_trapezoid_4,
          v_alt_pattern_6, nicolae_vaults_doubleplus_tesselated,
          nicolae_vaults_network_periphery, ontoclasm_vaults_ligature,
          v_misc_16, v_misc_1, nicolae_vaults_stepped_doors, grunt_vaults_focal,
          vaults_room_hangedman_quadrants, v_misc_19,
          nicolae_vaults_angled_halls, vaults_room_stairs_pillars,
          layout_vaults_big_room
Vaults:5
Crypt:1:  layout_catacombs
Depths:1: layout_cave_pools, gammafunk_ghost_wrathful_warriors,
          lemuel_crystal_altar, pf_coc_iceberg, mu_enter_wizlab_5,
          serial_library_regret_index_split_case, roderic_serpentine_path,
          patterned_corridor
Depths:2: cheibrodos_poisonous_passages, layout_cave_shapes,
          nicolae_qazlal_scattered_showers, pf_hell_entry_tar_river,
          rand_demon_pan_entry_1, dk_noncrumbling_2, serial_bayou_shore_b,
          serial_bayou_shore_b
Depths:3: kennysheep_blocky_hall, layout_long_grid, abyss_entry, hell_entry,
          nzn_wu_jian_council_hall, nicolae_inconvenience_store,
          minmay_staircase_windowed_large
Depths:4: grunt_x_marks_the_spot, layout_twisted_cross, enter_ziggurat_d,
          serial_sigils, serial_sigils_hangedman_snap,
          serial_sigils_hangedman_scratch, serial_sigils_hangedman_shear,
          serial_sigils_hangedman_writhe, serial_sigils_hangedman_gnaw,
          serial_sigils_hangedman_stare, minmay_misc_feat_ornament, pan_entry,
          hell_entry, uniq_margery
Zot:1:    layout_misc_corridors, hangedman_zot_gyre, hangedman_zot_wheel_spokes,
          grunt_ministairs_1, regret_index_zotdec_abyssal_star_handed

Skill      XL: |  1  2  3  4  5  6  7  8  9 10 11 12 13 14 15 16 17 18 19 20 21 22 23 24 25 26 27 |
---------------+----------------------------------------------------------------------------------+-----
Fighting       | 1 2 3 5 7 9 12 13 14 15 16 17 18 19 20 21 22 23 24 25 26 27 | 27.0
Dodging        | 3 4 5 6 8 10 11 13 14 15 17 18 19 20 21 22 23 24 25 26 27 | 27.0
Spellcasting   | 4 5 6 7 8 9 11 12 13 14 15 16 17 18 19 21 | 21.1
Conjurations   | 4 5 6 7 8 9 11 12 13 14 15 16 17 18 19 22 | 22.3
Hexes          | 4 5 6 7 8 9 11 12 13 14 15 16 17 18 19 21 | 21.1
Summonings     | 4 5 6 7 8 9 11 12 13 14 15 16 17 18 19 21 | 21.1
Necromancy     | 4 5 6 7 8 9 11 12 13 14 16 17 19 20 21 22 24 26 | 26.0
Translocations | 4 5 6 7 8 9 11 12 13 14 15 16 17 18 19 21 | 21.1
Fire Magic     | 4 5 6 7 8 9 11 12 13 14 15 16 17 18 19 21 | 21.1
Ice Magic      | 4 5 6 7 8 9 11 12 13 14 16 17 19 20 21 22 24 26 | 26.0
Air Magic      | 4 5 6 7 8 9 11 12 13 14 15 16 17 18 19 21 | 21.1
Earth Magic    | 4 5 6 7 8 9 11 12 13 14 15 16 17 18 19 21 | 21.1
Alchemy        | 4 5 6 7 8 9 11 12 13 14 15 16 17 18 19 21 | 21.1
Armour         | 3 7 9 10 13 | 13.7
Shields        | 5 10 15 | 15.0
Stealth        | |  1.5

Action                     |  1- 3 |  4- 6 |  7- 9 | 10-12 | 13-15 | 16-18 | 19-21 | 22-24 | 25-27 || total
---------------------------+-------+-------+-------+-------+-------+-------+-------+-------+-------++-------
  Melee: Dagger            |       |     9 |     9 |       |       |       |       |       |       ||    18
         Staff             |       |       |       |    16 |    13 |     4 |       |     1 |     8 ||    42
   Cast: Foxfire           |    23 |     6 |       |       |       |       |       |     2 |       ||    31
         Scorch            |    22 |    78 |   179 |   388 |   299 |     1 |    10 |     3 |     1 ||   981
         Flame Wave        |       |       |       |    16 |    44 |     7 |     6 |     9 |       ||    82
         Anguish           |       |       |       |     6 |    32 |     3 |     5 |       |       ||    46
         Volatile Blastmot |       |       |       |     5 |     3 |       |       |       |       ||     8
         Borgnjor's Vile C |       |       |       |       |     4 |       |       |     1 |       ||     5
         Mercury Vapours   |       |       |       |       |     1 |       |       |       |       ||     1
         Plasma Beam       |       |       |       |       |   132 |   433 |   476 |   553 |   748 ||  2342
         Vampiric Draining |       |       |       |       |       |     5 |     1 |    18 |       ||    24
         Monstrous Menager |       |       |       |       |       |       |     1 |     5 |     5 ||    11
         Bombard           |       |       |       |       |       |       |       |     3 |   127 ||   130
         Shatter           |       |       |       |       |       |       |       |       |    16 ||    16
         Enfeeble          |       |       |       |       |       |       |       |       |     3 ||     3
         Death's Door      |       |       |       |       |       |       |       |       |     1 ||     1
         Borgnjor's Revivi |       |       |       |       |       |       |       |       |     1 ||     1
 Invoke: Lesser Servant of |       |       |       |       |     1 |     1 |       |       |       ||     2
  Evoke: Sack of spiders   |       |       |       |       |     1 |       |       |       |       ||     1
         Wand              |       |       |       |       |       |       |       |     1 |     2 ||     3
    Use: Scroll            |       |     7 |     4 |     4 |     7 |    14 |    11 |     5 |    11 ||    63
         Potion            |       |     1 |       |       |     8 |     4 |     1 |     3 |    15 ||    32
 Armour: Robe              |     7 |    19 |    15 |       |       |       |    33 |       |       ||    74
         Troll leather arm |       |       |    99 |   201 |   254 |    80 |       |       |       ||   634
         Skin              |       |       |       |       |       |    29 |     7 |       |       ||    36
         Animal skin       |       |       |       |       |       |       |    11 |   146 |   318 ||   475
  Dodge: Dodged            |    12 |    15 |   127 |   208 |   302 |   127 |    81 |   249 |   684 ||  1805
  Block: Other             |       |       |       |       |    43 |    16 |       |       |       ||    59
         Reflection        |       |       |       |       |       |    13 |    12 |     4 |       ||    29
         Buckler           |       |       |       |       |       |    63 |    76 |   145 |   293 ||   577
